AoeStats
← SARG

Arena

509452436Analyzed
3v3 RM · 6d ago on Sep 26, 2026· 53m 33s· 6 players
Game mode
Random Map
Map size
Normal (6 player)
Population
200
Speed
Normal
Resources
Standard
Victory
Conquest
Starting age
Dark Age
Ending age
Imperial Age
RankedLock teamsTeams togetherTeam positionsShared explorationLock speedFull tech treeHidden civsTurbo modeCheats
Victory
Defeat
🇨🇴 Ethiopians · Colombia
1092
+16
🇨🇴 Franks · Colombia
1091
+16
🇨🇴 Khmer · Colombia
1088
+16
🇹🇷 Malay · Türkiye
1118
-16
🇹🇷 Persians · Türkiye
1092
-16
🇹🇷 Italians · Türkiye
1081
-16
SG7
10:08 Feudal Age
10:27 Loom
14:15 Castle Age
12:03 Loom
15:57 Forging
15:47 Scale Mail Armor
15:42 Double-Bit Axe
15:42 Horse Collar
25:00 Heavy Plow
26:09 Wheelbarrow
27:14 Bow Saw
28:52 Hand Cart
34:05 Imperial Age
31:40 Fletching
32:02 Forging
31:57 Scale Mail Armor
32:26 Bodkin Arrow
33:08 Town Watch
34:11 Iron Casting
34:21 Town Patrol
35:23 Chain Mail Armor
35:10 Bracer
36:44 Blast Furnace
37:02 Two-Man Saw
36:02 Gold Mining
36:25 Elite Shotel Warrior
40:07 Plate Mail Armor
40:27 Conscription
42:21 Scale Barding Armor
43:50 Light Cavalry
47:59 Chain Barding Armor
48:00 Hussar
51:52 Torsion Engines
52:04 Royal Heirs
TEFI*
12:25 Feudal Age
11:10 Loom
17:25 Castle Age
16:24 Double-Bit Axe
19:14 Forging
23:39 Gold Mining
23:54 Stone Mining
24:14 Scale Barding Armor
25:28 Wheelbarrow
25:37 Gold Shaft Mining
25:57 Husbandry
27:29 Chain Barding Armor
29:08 Iron Casting
29:59 Bow Saw
30:21 Fletching
30:32 Padded Archer Armor
31:58 Hand Cart
31:52 Squires
31:54 Scale Mail Armor
33:45 Pikeman
34:11 Arson
34:44 Chain Mail Armor
38:30 Imperial Age
39:35 Halberdier
41:07 Light Cavalry
41:18 Cavalier
44:14 Chemistry
43:35 Ballistics
46:08 Plate Barding Armor
46:35 Chivalry
48:43 Paladin
SARG
10:46 Feudal Age
14:40 Castle Age
13:28 Double-Bit Axe
13:34 Horse Collar
14:27 Stone Mining
17:44 Loom
21:54 Bow Saw
22:12 Heavy Plow
22:28 Fletching
24:03 Gold Mining
25:02 Wheelbarrow
25:32 Bodkin Arrow
26:41 Bloodlines
26:59 Scale Barding Armor
28:00 Forging
28:43 Husbandry
28:13 Light Cavalry
29:43 Hand Cart
35:03 Imperial Age
33:00 Tusk Swords
34:07 Chain Barding Armor
34:24 Iron Casting
35:58 Hussar
37:55 Double Crossbow
38:15 Conscription
38:49 Plate Barding Armor
40:36 Blast Furnace
39:50 Masonry
40:10 Murder Holes
40:58 Hoardings
42:23 Padded Archer Armor
51:09 Caravan
ZedSuBo
10:49 Feudal Age
12:37 Double-Bit Axe
14:55 Castle Age
12:44 Horse Collar
18:20 Bow Saw
20:30 Wheelbarrow
19:44 Loom
23:16 Heavy Plow
23:13 Gold Mining
27:42 Imperial Age
25:57 Fletching
26:09 Padded Archer Armor
27:24 Hand Cart
28:32 Bodkin Arrow
28:54 Leather Archer Armor
30:31 Bracer
31:01 Ring Archer Armor
30:56 Ballistics
31:37 Chemistry
32:55 Bloodlines
32:45 Husbandry
32:06 Light Cavalry
33:01 Elite Genoese Crossbowman
33:49 Thumb Ring
33:47 Squires
33:32 Arson
34:03 Masonry
34:57 Scale Barding Armor
35:03 Forging
34:26 Hussar
35:34 Conscription
37:10 Chain Barding Armor
37:26 Iron Casting
44:39 Town Watch
52:21 Bombard Tower
52:32 Architecture
52:13 Careening
52:57 Plate Barding Armor
53:23 Blast Furnace
BTCloud ッ 〤
10:51 Feudal Age
12:02 Double-Bit Axe
12:04 Horse Collar
17:50 Castle Age
23:26 Loom
32:27 Heavy Plow
34:51 Bow Saw
34:38 Gold Mining
34:40 Stone Mining
35:47 Loom
36:25 Fletching
36:36 Padded Archer Armor
39:02 Elite Skirmisher
41:57 Bodkin Arrow
45:07 Leather Archer Armor
48:34 Wheelbarrow
51:22 Forging
51:17 Scale Barding Armor
artemis
4:56 Loom
10:25 Feudal Age
15:44 Castle Age
15:07 Double-Bit Axe
15:04 Horse Collar
16:31 Bow Saw
20:35 Forging
23:34 Bloodlines
23:24 Husbandry
23:58 Husbandry
26:50 Gold Mining
31:07 Imperial Age
29:36 Iron Casting
29:10 Scale Barding Armor
31:28 Cavalier
32:59 Gold Shaft Mining
32:28 Heavy Plow
32:43 Bow Saw
34:24 Savar
36:16 Chain Barding Armor
36:00 Heavy Camel Rider
37:52 Wheelbarrow
36:42 Elite Skirmisher
38:58 Fletching
39:09 Padded Archer Armor
Connection lost

Rejoining the realm…

Still unreachable

The connection could not be restored.

Session expired

The server has moved on; the page needs a fresh start.